 Dungeon Crawl Stone Soup version 0.30-a0-847-g17996783a1 (webtiles) character file.

Game seed: 16106157162579621645

42 jasper the Chopper (level 3, -1/33 HPs)
             Began as a Hill Orc Monk on Mar 3, 2023.
             Killed by nerve-wracking pain
             ... invoked by Jessica
              (12 damage)
             ... on level 2 of the Dungeon.
             The game lasted 00:04:15 (1286 turns).

jasper the Chopper (Hill Orc Monk)                  Turns: 1286, Time: 00:04:15

Health: -1/33      AC:  2    Str: 15    XL:     3   Next: 56%
Magic:  3/3        EV: 12    Int: 10    God:
Gold:   65         SH:  0    Dex: 13    Spells: 2/2 levels left

rFire   . . .      SeeInvis .    a - +0 hand axe
rCold   . . .      Faith    .    (no shield)
rNeg    . . .      Spirit   .    b - +0 robe
rPois   .          Reflect  .    (no helmet)
rElec   .          Rampage  .    (no cloak)
rCorr   .                        (no gloves)
Will    .....                    (no boots)
Stlth   ++                       (no amulet)
HPRegen 0.25/turn                (no ring)
MPRegen 0.08/turn                (no ring)

@: no status effects
A: no striking features
a: no special abilities


You were on level 2 of the Dungeon.
You visited 1 branch of the dungeon, and saw 2 of its levels.

You collected 65 gold pieces.

Inventory:

Hand Weapons
 a - a +0 hand axe (weapon)
Missiles
 i - 5 stones (quivered)
Armour
 b - a +0 robe (worn)
Jewellery
 g - a +6 ring of intelligence
Scrolls
 d - a scroll of torment
 e - a scroll of noise {unknown}
Potions
 h - a potion of cancellation


   Skills:
 + Level 4.1 Fighting
 * Level 5.1 Axes
 + Level 1.3 Armour
 - Level 2.4 Dodging
 - Level 1.5 Stealth


You had 2 spell levels left.
You didn't know any spells.
Your spell library contained the following spells:

 Spells                   Type           Power      Damage    Failure   Level
 Apportation              Tloc           0%         N/A       36%         1
 Alistair's Intoxication  Tmut/Pois      0%         N/A       100%        5


Dungeon Overview and Level Annotations

Branches:
Dungeon (2/15)

Altars:

Annotations:
D:2 Jessica


Message History

You are confused.
You feel invigorated.
Jessica casts a spell.
Jessica blinks!
You regained 8 hp, and now have 9/33 hp.
Jessica hits you with a +0 club. Jessica closely misses you.
You regained 6 hp, and now have 15/33 hp.
You're too confused to move!
Jessica closely misses you.
Jessica casts a spell.
Jessica blinks!
You regained 6 hp, and now have 21/33 hp.
Jessica points at you and mumbles some strange words.
You barely resist.
Jessica gestures wildly.
Jessica gestures at you while chanting. Pain shoots through your body!
You take 4 damage, and have 17/33 hp.
Jessica hits you with a +0 club.
You closely miss Jessica.
Jessica is heavily wounded.
You feel less invigorated.
You feel less confused. Jessica hits you with a +0 club!
Jessica hits you with a +0 club.
You take 4 damage, and have 14/33 hp.
You completely miss Jessica.
Jessica is heavily wounded.
Jessica hits you with a +0 club. x2
You take 4 damage, and have 10/33 hp.
You closely miss Jessica.
Jessica is heavily wounded.
You feel yourself speed up. Jessica misses you.
Jessica casts a spell.
Jessica blinks!
You barely miss Jessica.
Jessica is heavily wounded.
Jessica very coldly says, "I hate your company."
Jessica gestures at you while chanting. Pain shoots through your body!
You die...

#.........#
#.........#####
#.............#####
#.........###.....#
##
#########'#######.##
#8 ##.......# #..###.
#........#######..##.
#....................
#...@@...#####....###
#........# #....# #
#.....#### ###### #
#.....# # #.....# #
####### #


You could see Jessica (fast).

Vanquished Creatures
  A gnoll (D:1)
  A worm (D:2)
  A dart slug (D:1)
  3 ball pythons
  5 endoplasms
  2 giant cockroaches (D:1)
  2 goblins (D:1)
  4 jackals (D:1)
  2 quokkas
  A frilled lizard (D:1)
  2 rats
24 creatures vanquished.

Notes
Turn   | Place    | Note
-------+----------+-------------------------------------------
     0 | D:1      | jasper the Hill Orc Monk began the quest for the Orb.
     0 | D:1      | Reached XP level 1. HP: 19/19 MP: 1/1
   184 | D:1      | Reached XP level 2. HP: 26/27 MP: 2/2
   186 | D:1      | Found a faded altar of an unknown god.
   328 | D:1      | Reached skill level 1 in Armour
   370 | D:1      | Reached XP level 3. HP: 33/33 MP: 3/3
   976 | D:2      | Reached skill level 5 in Axes
  1260 | D:2      | Noticed Jessica
  1277 | D:2      | HP: 1/33 [Jessica/nerve-wracking pain (5)]
  1286 | D:2      | Killed from afar by Jessica

Illustrated notes

Levels and vault maps discovered:
D:1:      roderic_dead_forest, layout_loops_ring,
          hellmonk_ecumenical_altar_dog_temple
D:2:      wad_river_or_something, layout_basic, basic_altar, uniq_jessica

Skill      XL: |  1  2  3 |
---------------+----------+-----
Fighting       | 4 |  4.1
Armour         | 1 |  1.3
Axes           | 5 |  5.1
Dodging        | |  2.4
Stealth        | |  1.5

Action                     || total
---------------------------++-------
  Melee: Hand axe          ||   108
         Punch             ||     5
    Use: Potion            ||     2
         Scroll            ||     4
   Stab: Sleeping          ||     2
 Armour: Robe              ||     9
  Dodge: Dodged            ||    73

Table legend: (Time is in decaauts)
 A = Elapsed time spent in this place.
 B = Non-inter-level travel time spent in this place.
 C = Inter-level travel time spent in this place.
 D = Time resting spent in this place.
 E = Time spent auto-exploring this place.
 F = Levels seen in this place.
 G = Mean time per level.
                   A        B        C        D        E       F      G
               +--------+--------+--------+--------+--------+-----+--------+
         Total |   1298 |   1279 |     19 |     89 |    896 |   2 |  649.0 |
       Dungeon |   1298 |   1279 |     19 |     89 |    896 |   2 |  649.0 |
               +--------+--------+--------+--------+--------+-----+--------+

Top non-repeatable levels by time:
     D:1: 976 daAuts
     D:2: 322 daAuts
